 Dungeon Crawl Stone Soup version 0.26.1-11-gd32895ea62 (webtiles) character file.

Game seed: 17006244389784295109

2530 Eitelfritz the Carver (level 9, -10/70 HPs)
             Began as a Minotaur Gladiator on May 8, 2021.
             Was a Follower of Hepliaklqana.
             Mangled by an orc warrior
             ... wielding a cursed -3 halberd
              (17 damage)
             ... on level 7 of the Dungeon.
             The game lasted 00:12:47 (8185 turns).

Eitelfritz the Carver (Minotaur Gladiator)          Turns: 8185, Time: 00:12:48

Health: -10/70     AC: 12    Str: 20      XL:     9   Next: 29%
Magic:  8/8        EV: 12    Int:  8      God:    Hepliaklqana [*.....]
Gold:   353        SH:  0    Dex: 10 (11) Spells: 8/8 levels left

rFire    . . .     SeeInvis .   a - +1 long sword
rCold    . . .     Faith    .   (no shield)
rNeg     + . .     Spirit   .   H - +2 scale mail {rPois}
rPois    +         Reflect  .   c - +1 hat
rElec    .         Harm     .   y - +0 cloak
rCorr    .         Rampage  .   (no gloves)
Will     .....                  (no boots)
Stlth    ..........             (no amulet)
HPRegen  0.21/turn              l - ring of positive energy
MPRegen  0.11/turn              (no ring)

@: no status effects
A: retaliatory headbutt, reduced essence, horns 2
a: Renounce Religion, Recall Ancestor, Ancestor Identity


You were on level 7 of the Dungeon.
You worshipped Hepliaklqana.
Hepliaklqana was aware of your devotion.
You visited 2 branches of the dungeon, and saw 8 of its levels.
You also visited: Sewer.

You collected 353 gold pieces.

Inventory:

Hand Weapons
 a - a +1 long sword (weapon)
 b - a +0 shortbow
 B - a +0 flail
Missiles
 d - 3 throwing nets (quivered)
 n - 48 poisoned darts
 E - 40 arrows
Armour
 c - a +1 hat (worn)
 y - a +0 cloak (worn)
 H - a +2 scale mail of poison resistance (worn)
 J - the cursed +1 chain mail "Myiser" {rElec Will+ Dex+2, unknown}
   (You found it on level 6 of the Dungeon)

   It affects your dexterity (+2).
   It insulates you from electricity.
   It affects your willpower, your defense against some magical effects.
   It has a curse placed upon it.
Jewellery
 l - a ring of positive energy (left hand)
 p - an uncursed ring of resist corrosion {unknown}
 q - an uncursed ring of fire
Wands
 s - a wand of random effects (6)
 t - a wand of paralysis (11)
 v - a wand of acid (3)
 w - a wand of digging (6)
 G - a wand of iceblast (7)
Scrolls
 e - 6 scrolls of teleportation
 h - 5 scrolls of identify
 k - 3 scrolls of remove curse
 m - a scroll of blinking
 u - a scroll of enchant armour
 z - a scroll of amnesia
 A - a scroll of enchant weapon
 D - a scroll of fear
 I - a scroll of noise {unknown}
Potions
 f - 3 potions of flight
 g - 5 potions of heal wounds
 i - a potion of ambrosia
 o - 3 potions of curing
 r - 2 potions of attraction
 x - a potion of haste
 C - a potion of magic {unknown}
 F - a potion of might {unknown}


   Skills:
 + Level 6.4 Fighting
 + Level 10.9 Long Blades
 + Level 0.9 Bows
 + Level 2.1 Throwing
 + Level 6.4 Armour
 + Level 6.2 Dodging
 + Level 1.3 Stealth


You had 8 spell levels left.
You didn't know any spells.
Your spell library contained the following spells:

 Spells                   Type           Power        Failure   Level
 Shock                    Conj/Air       0%           75%         1
 Swiftness                Air            0%           86%         2
 Static Discharge         Conj/Air       0%           98%         3
 Airstrike                Air            0%           100%        4
 Lightning Bolt           Conj/Air       0%           100%        5


Dungeon Overview and Level Annotations

Branches:
Dungeon (7/15)             Temple (1/1) D:5           Sewer (visited)

Altars:
Ashenzari
Cheibriados
Dithmenos
Elyvilon
Fedhas
Gozag
Hepliaklqana
Kikubaaqudgha
Makhleb
Nemelex Xobeh
Okawaru
Qazlal
Ru
Sif Muna
Trog
Uskayaw
Vehumet
Wu Jian
Xom
Yredelemnul
Zin
The Shining One

Shops:
D:7 =


Innate Abilities, Weirdness & Mutations

You reflexively headbutt those who attack you in melee.
You have a pair of horns on your head.
Your life essence is reduced to manifest your ancestor. (-10% HP)


Message History

You are more poisoned.
You feel better.
Kammani misses something.
The orc warrior hits you with a cursed -3 halberd!
* * * LOW HITPOINT WARNING * * *
Something hits you but does no damage.
You slash the orc warrior!
The orc warrior is severely wounded.
Kammani hits something!
Reactivating autopickup.
You feel a bit more experienced.
You hit the orc warrior.
The orc warrior is almost dead.
The orc warrior barely misses you.
You riposte.
Your scale mail prevents you from hitting the orc warrior.
You headbutt the orc warrior.
The orc warrior is almost dead.
You hit the orc warrior but do no damage.
The orc warrior is almost dead.
The orc warrior hits you with a cursed -3 halberd!
You die...

#...#....## #.........#
#........##
##.........## ####
.........?.. #..###
..........##### #....#
.......R[..#..# ##...##
#.....o@......####.†..##
#...<...).##..†#...(###.
##............†.....##..
#................##.....
#................#......
##.............##.......
#...............##......
...∩...........###......
... ....#......#......


You could see the friendly Kammani the ancestor and an orc warrior.

Vanquished Creatures
  Grinder (D:3)
  Sigmund (D:5)
  Eustachio (D:6)
  A water moccasin (Sewer)
  A sky beast (D:7)
  2 ogres
  2 centaurs
  A wyvern zombie (D:6)
  A bullfrog (D:7)
  The ghost of danmikkh the Sneak, an amateur SpEn (D:4)
  A water moccasin skeleton (D:4)
  4 wights (D:4)
  An electric eel (D:6)
  A quasit (D:6)
  2 hounds
  4 orc priests
  Crazy Yiuf (D:3)
  An iguana (D:4)
  A centaur skeleton (D:4)
  Ijyb (D:3)
  6 orc wizards
  9 worker ants
  A hound skeleton (D:4)
  A worker ant zombie (D:4)
  Robin (D:2)
  11 adders
  A river rat (D:4)
  A shadow imp (D:5)
  An adder zombie (D:4)
  2 adder skeletons (D:5)
  3 dart slugs
  5 worms
  2 leopard geckos
  34 orcs
  A ball python (D:2)
  8 giant cockroaches
  13 goblins
  7 hobgoblins
  6 jackals
  3 quokkas
  6 bats
  4 frilled lizards
  8 kobolds
  A leopard gecko zombie (D:4)
  13 rats
177 creatures vanquished.

Vanquished Creatures (collateral kills)
  A bullfrog zombie (D:6)
  An orc wizard (D:7)
  An adder (D:6)
  A leopard gecko (D:6)
4 creatures vanquished.

Vanquished Creatures (others)
  An ancestor (D:6)
1 creature vanquished.

Grand Total: 182 creatures vanquished

Notes
Turn   | Place    | Note
-------+----------+-------------------------------------------
     0 | D:1      | Eitelfritz the Minotaur Gladiator began the quest for the
                  | Orb.
     0 | D:1      | Reached XP level 1. HP: 18/18 MP: 0/0
   109 | D:1      | Reached XP level 2. HP: 25/25 MP: 1/1
   110 | D:1      | Reached skill level 4 in Long Blades
   880 | D:1      | Reached XP level 3. HP: 30/30 MP: 2/2
   990 | D:1      | Found an iron altar of Okawaru.
   992 | D:1      | Found a stormy altar of Qazlal.
   992 | D:1      | Found a shimmering altar of Xom.
   994 | D:1      | Found a radiant altar of Vehumet.
   994 | D:1      | Found an ancient bone altar of Kikubaaqudgha.
   994 | D:1      | Found a glowing golden altar of the Shining One.
  1370 | D:2      | Reached XP level 4. HP: 37/37 MP: 3/3
  1413 | D:2      | Found a blossoming altar of Fedhas.
  1443 | D:2      | Found a broken altar of Ashenzari.
  1459 | D:2      | Reached skill level 1 in Armour
  1476 | D:2      | Reached skill level 5 in Long Blades
  1477 | D:2      | Noticed Robin
  1496 | D:2      | Killed Robin
  1957 | D:2      | Found a burning altar of Makhleb.
  1958 | D:2      | Found a sparkling altar of Nemelex Xobeh.
  2220 | D:3      | Noticed Grinder
  2229 | D:3      | Killed Grinder
  2230 | D:3      | Reached skill level 6 in Long Blades
  2230 | D:3      | Reached XP level 5. HP: 20/45 MP: 4/4
  2230 | D:3      | Reached XP level 6. HP: 23/51 MP: 5/5
  2413 | D:3      | Noticed Ijyb
  2413 | D:3      | Paralysed by Ijyb for 2 turns
  2426 | D:3      | Killed Ijyb
  2969 | D:3      | Found a runed translucent door.
  2970 | D:3      | Noticed Crazy Yiuf
  3337 | D:3      | Killed Crazy Yiuf
  3580 | D:4      | Reached skill level 7 in Long Blades
  3713 | D:4      | Reached XP level 7. HP: 50/59 MP: 6/6
  3738 | D:4      | Found a glowing drain.
  3754 | Sewer    | Entered a sewer
  4415 | D:4      | Found a runed translucent gate.
  4417 | D:4      | Found a runed translucent gate.
  4418 | D:4      | Found a runed translucent gate.
  4420 | D:4      | Noticed danmikkh's ghost (amateur SpEn)
  4453 | D:4      | Reached skill level 5 in Dodging
  4457 | D:4      | Reached skill level 8 in Long Blades
  4944 | D:4      | Killed danmikkh's ghost
  4945 | D:4      | Reached XP level 8. HP: 67/67 MP: 7/7
  4952 | D:4      | Reached skill level 5 in Fighting
  5007 | D:5      | Entered Level 5 of the Dungeon
  5251 | D:5      | Reached skill level 5 in Armour
  5253 | D:5      | Reached skill level 1 in Stealth
  5347 | D:5      | Reached skill level 9 in Long Blades
  5583 | D:5      | Found a staircase to the Ecumenical Temple.
  5745 | D:5      | Found the +3 crown of Dyrovepreva {rElec Int+2 SInv}
  6150 | D:5      | Noticed Sigmund
  6181 | D:5      | Killed Sigmund
  6440 | Temple   | Entered the Ecumenical Temple
  6631 | Temple   | Became a worshipper of Hepliaklqana the Forgotten
  6779 | D:6      | Reached skill level 10 in Long Blades
  7289 | D:6      | Reached XP level 9. HP: 55/67 MP: 8/8
  7480 | D:6      | Noticed Eustachio
  7486 | D:6      | Got an ichor-stained chain mail
  7504 | D:6      | Killed Eustachio
  7698 | D:6      | Reached * piety under Hepliaklqana
  8169 | D:7      | Found Goff's Jewellery Shop.
  8185 | D:7      | Mangled by an orc warrior

Illustrated notes

Levels and vault maps discovered:
D:1:      dpeg_arrival_rhombus, layout_basic, hangedman_abyss_or_decor_stabs,
          doesnt_xom_only_xom
D:2:      layout_loops_corners, grunt_temple_overflow_open,
          gammafunk_temple_overflow_pools, uniq_robin
D:3:      layout_loops_cross, uniq_ijyb, uniq_crazy_yiuf_cottage, uniq_grinder
D:4:      layout_loops_corners, gammafunk_ghost_necromancy,
          gup_sewer_entry_spiral
D:5:      layout_basic, minmay_temple_entry_waves, uniq_sigmund
D:6:      layout_loops_ring, kennysheep_big_empty_room, uniq_eustachio
D:7:      layout_cave_pools, serial_shops, shop
Temple:   eino_narrow_crystal_temple

Skill      XL: |  1  2  3  4  5  6  7  8  9 |
---------------+----------------------------+-----
Long Blades    | 4 6 7 8 10 | 10.9
Dodging        | 4 5 6 |  6.2
Armour         | 2 3 4 5 6 |  6.4
Fighting       | 3 4 5 6 |  6.4
Stealth        | 1 |  1.3
Bows           | |  0.9
Throwing       | |  2.1

Action                   |  1- 3 |  4- 6 |  7- 9 || total
-------------------------+-------+-------+-------++-------
Melee: Long sword        |    64 |    89 |   300 ||   453
       Headbutt          |    10 |    19 |    51 ||    80
 Fire: Shortbow          |       |       |     6 ||     6
Throw: Throwing net      |       |       |     1 ||     1
  Use: Scroll            |       |    14 |     3 ||    17
       Potion            |       |       |     1 ||     1
 Stab: Distracted        |       |       |     1 ||     1
Armor: Leather armour    |    16 |    11 |       ||    27
       Scale mail        |       |    12 |    17 ||    29
       Ring mail         |       |       |    89 ||    89
Dodge: Dodged            |    51 |    67 |   196 ||   314
       Rpst.: Long sword |     9 |    20 |    39 ||    68
